 Dungeon Crawl Stone Soup version 0.25.1-2-g60ff931df9 (webtiles) character file.

Game seed: 8125331406206032816

256 Qrupt the Ogre Mage (level 6, -1/61 HPs)
             Began as an Ogre Fire Elementalist on Oct 23, 2020.
             Slain by a worker ant (4 damage)
             ... on level 4 of the Dungeon.
             The game lasted 00:09:02 (4800 turns).

Qrupt the Ogre Mage (Ogre Fire Elementalist)        Turns: 4800, Time: 00:09:03

Health: -1/61      AC:  4    Str: 13    XL:     6   Next: 16%
Magic:  3/12       EV: 10    Int: 18    God:
Gold:   228        SH:  0    Dex:  9    Spells: 5/13 levels left

rFire    . . .     SeeInvis .   f - +0 club
rCold    . . .     Gourm    .   (no shield)
rNeg     . . .     Faith    .   a - +0 robe
rPois    .         Spirit   .   (helmet restricted)
rElec    .         Reflect  .   q - +0 cloak {MR+}
rCorr    .         Harm     .   (gloves unavailable)
MR       +....                  (boots unavailable)
Stlth    ++........             (no amulet)
HPRegen  0.20/turn              e - ring of stealth
MPRegen  0.13/turn              (no ring)

@: lethally poisoned (-1 -> -5), very slightly contaminated
A: large, unfitting armour, tough skin 1
a: no special abilities


You were on level 4 of the Dungeon.
You were not hungry.

You visited 1 branch of the dungeon, and saw 4 of its levels.

You collected 228 gold pieces.

Inventory:

Hand Weapons
 f - a +0 club (weapon)
Missiles
 h - 54 stones (quivered)
Armour
 a - a +0 robe (worn)
 q - a +0 cloak of magic resistance (worn)
Jewellery
 e - a ring of stealth (left hand)
Scrolls
 b - 2 scrolls of blinking
 d - 4 scrolls of teleportation
 g - 2 scrolls of fear
 k - a scroll of fog {unknown}
 l - a scroll of random uselessness
 m - 3 scrolls of identify
 r - a scroll of noise {unknown}
 s - a scroll of remove curse {unknown}
 t - a scroll of magic mapping {unknown}
Potions
 i - a potion of stabbing
 n - a potion of curing
 o - a potion of experience {unknown}
 p - a potion of haste {unknown}
Comestibles
 c - 6 rations
 j - 2 chunks of flesh


   Skills:
 + Level 3.6 Fighting
 - Level 1.7 Dodging
 - Level 1.4 Stealth
 + Level 4.0 Spellcasting
 + Level 2.6 Conjurations
 + Level 3.8 Fire Magic


You had 5 spell levels left.
You knew the following spells:

 Your Spells              Type           Power        Failure   Level  Hunger
a - Foxfire               Conj/Fire      ###.         3%          1    None
b - Conjure Flame         Conj/Fire      ###.....     12%         3    ###....
c - Sticky Flame          Conj/Fire      ###.....     36%         4    ####...

Your spell library contained the following spells:

 Spells                   Type           Power        Failure   Level  Hunger
 Inner Flame              Hex/Fire       ##......     21%         3    ###....
 Fireball                 Conj/Fire      ###.......   71%         5    ######.


Dungeon Overview and Level Annotations

Branches:
Dungeon (4/15)
 Temple: D:4-7

Altars:
Qazlal
Ru
Xom

Annotations:
D:1 Terence


Innate Abilities, Weirdness & Mutations

You are too large for most types of armour.
You have tough skin. (AC +1)


Message History

Casting: Foxfire (safe; 3% risk of failure)
Confirm with . or Enter, or press ? or * to list all spells.
Nothing appears to happen.
* * * LOW HITPOINT WARNING * * *
You feel sick. The hound bites you but does no damage.
The worker ant misses you. The hound barely misses you.
* * * LOW HITPOINT WARNING * * *
You feel sick. The worker ant bites you.
* * * LOW HITPOINT WARNING * * *
You are more poisoned.
The worker ant poisons you! The hound bites you.
* * * LOW HITPOINT WARNING * * *
Unknown command.
You feel better. The worker ant bites you.
* * * LOW HITPOINT WARNING * * *
You are poisoned.
The worker ant poisons you! The hound bites you.
* * * LOW HITPOINT WARNING * * *
The worker ant bites you.
You die...

#..#...###... ##.####...###.
#.)#..###..... #
##.##....##.##. #.#
#..#..⌠..#..#.. #...##
##.##....##.##.# #...###
#...#.#..#..#...
#...#####...####.##...
#.#.a@#.###...#..#....
.a.##h##...###...##....
..⌠..#..#..#...###.#..... .
#....##.##.####...#.#.....
..###.h#..#.....###...#.....
#...####.##.##....##.##.....
#...#..#..#..⌠..#..#......
#...##.##....##.##...... #.
###.....###..#..#.......


You could see a hound and a worker ant.

Vanquished Creatures
  A jelly (D:3)
  Crazy Yiuf (D:3)
  Jessica (D:2)
  A worker ant (D:4)
  6 adders
  An ooze (D:1)
  An adder skeleton (D:4)
  4 worms
  2 leopard geckos
  2 orcs (D:4)
  10 bats
  2 giant cockroaches
  7 goblins
  11 hobgoblins
  5 jackals (D:1)
  9 kobolds
  A quokka (D:2)
  A ball python (D:2)
  6 frilled lizards
  8 rats
80 creatures vanquished.

Vanquished Creatures (others)
  282 foxfires
282 creatures vanquished.

Grand Total: 362 creatures vanquished

Notes
Turn   | Place    | Note
-------+----------+-------------------------------------------
     0 | D:1      | Qrupt the Ogre Fire Elementalist began the quest for the
                  | Orb.
     0 | D:1      | Reached XP level 1. HP: 16/16 MP: 3/3
   338 | D:1      | Reached skill level 1 in Conjurations
   400 | D:1      | Reached XP level 2. HP: 26/26 MP: 2/5
   447 | D:1      | Reached skill level 1 in Fighting
  1106 | D:1      | Reached XP level 3. HP: 33/33 MP: 5/7
  1677 | D:1      | Reached skill level 3 in Spellcasting
  2551 | D:2      | Noticed Jessica
  2554 | D:2      | Noticed Terence
  2556 | D:2      | Reached XP level 4. HP: 42/42 MP: 5/8
  2742 | D:2      | Killed Jessica
  3065 | D:2      | Found a stormy altar of Qazlal.
  3364 | D:3      | Reached XP level 5. HP: 50/50 MP: 8/10
  3522 | D:3      | Found a shimmering altar of Xom.
  3623 | D:3      | Learned a level 3 spell: Conjure Flame
  3959 | D:3      | Found a runed translucent door.
  3960 | D:3      | Noticed Crazy Yiuf
  4300 | D:3      | Killed Crazy Yiuf
  4418 | D:4      | Reached XP level 6. HP: 57/61 MP: 6/11
  4499 | D:4      | Learned a level 4 spell: Sticky Flame
  4528 | D:4      | Found a sacrificial altar of Ru.
  4658 | D:4      | Reached skill level 4 in Spellcasting
  4800 | D:4      | HP: 3/61 [hound (4)]
  4800 | D:4      | Slain by a worker ant

Illustrated notes

Levels and vault maps discovered:
D:1:      lightli_iron_boxes, layout_basic, minmay_indecisive_spiral
D:2:      layout_basic, lemuel_crystal_altar, kennysheep_generic_room_5,
          uniq_jessica, uniq_terence
D:3:      layout_basic, brannock_xom_greatest_gift, uniq_crazy_yiuf_cottage
D:4:      minmay_skewed_foursquare, layout_cave_pools,
          nicolae_overflow_hidden_temple, first_ration, uniq_pikel

Skill      XL: |  1  2  3  4  5  6 |
---------------+-------------------+-----
Conjurations   | 1 2 |  2.6
Fighting       | 1 2 3 |  3.6
Fire Magic     | 3 |  3.8
Spellcasting   | 3 4 |  4.0
Dodging        | |  1.7
Stealth        | |  1.4

Action                   |  1- 3 |  4- 6 || total
-------------------------+-------+-------++-------
Melee: Unarmed           |     4 |       ||     4
       Club              |    20 |     6 ||    26
Throw: Stone             |     1 |       ||     1
 Cast: Foxfire           |    65 |    99 ||   164
  Use: Scroll            |     1 |     5 ||     6
       Potion            |       |     3 ||     3
 Stab: Sleeping          |       |     2 ||     2
  Eat: Chunk             |     5 |     7 ||    12
Armor: Robe              |    20 |    19 ||    39
Dodge: Dodged            |    40 |    52 ||    92
